 Dungeon Crawl Stone Soup version 0.17-a0-627-g5cb7d3e (webtiles) character file.

487 frag the Ducker (level 6, -12/61 HPs)
             Began as a Troll Berserker on Apr 15, 2015.
             Was an Elder of Trog.
             Mangled by Sigmund
             ... wielding a +1 scythe of distortion
              (14 damage)
             ... on level 5 of the Dungeon on Apr 16, 2015.
             The game lasted 00:20:30 (3817 turns).

frag the Ducker (Troll Berserker)                   Turns: 3817, Time: 00:20:30

Health: -12/61     AC:  6    Str: 27    XL:     6   Next: 89%
Magic:  5/5        EV: 11    Int:  4    God:    Trog [****..]
Gold:   182        SH:  0    Dex:  9    Spells: 0 memorised, 5 levels left

rFire  . . .     SeeInvis .       - Unarmed
rCold  . . .     Clarity  .     b - +0 animal skin
rNeg   . . .     SustAb   .     (no shield)
rPois  .         Gourm    +     o - +1 hat
rElec  .         Spirit   .     (no cloak)
rCorr  .         Warding  .     (gloves unavailable)
rMut   .         Stasis   .     (boots unavailable)
MR     .....                    (no amulet)
Stlth  +.........               (no ring)
                                (no ring)

@: not resistant to hostile enchantments, very unstealthy
A: unfitting armour, claws 3, fast metabolism 3, gourmand, regeneration 2,
shaggy fur 1, tough skin 2
a: Burn Spellbooks, Berserk, Trog's Hand, Brothers in Arms, Renounce Religion


You were on level 5 of the Dungeon.
You worshipped Trog.
Trog was greatly pleased with you.
You were not hungry.

You visited 1 branch of the dungeon, and saw 5 of its levels.

You collected 182 gold pieces.

Inventory:

Hand weapons
 t - a +1 short sword of venom
 y - a +0 long sword
Armour
 b - a +0 animal skin (worn)
 o - a +1 hat (worn)
Jewellery
 p - an uncursed ring of wizardry
Magical devices
 d - a wand of draining (6)
 j - a wand of cold (0)
 n - a wand of fire (8)
Scrolls
 l - 3 scrolls of teleportation
 q - 4 scrolls of enchant weapon
 x - 4 scrolls of identify
Potions
 e - 2 potions of poison {unknown}
 i - a potion of cancellation {unknown}
 m - 2 potions of brilliance {unknown}
 v - a potion of degeneration {unknown}
Comestibles
 a - 8 bread rations
 f - 3 beef jerkies
 g - 4 meat rations
 k - 5 fruits
 r - 2 slices of pizza


   Skills:
 + Level 3.5 Fighting
 + Level 4.9 Dodging
 + Level 0.5 Stealth
 + Level 4.8 Unarmed Combat


You had 5 spell levels left.
You didn't know any spells.

Dungeon Overview and Level Annotations

Branches:
Dungeon (5/15)
 Temple: D:4-7

Altars:
Nemelex Xobeh
The Shining One

Annotations:
D:5 Sigmund


Innate Abilities, Weirdness & Mutations

You are too large for most types of armour.
You have claws for hands.
Your metabolism is lightning-fast.
You like to eat raw meat.
You heal very quickly.
You are covered in fur (AC +1).
You have very tough skin (AC +2).


Message History

Evoke which item? (* to show all) (? for menu, Esc to quit)
Zapping:
n - a wand of fire (will waste charges)
Press: ? - help, Shift-Dir - straight line, f/p - Sigmund
Aim: Sigmund, wielding a scythe of distortion and wearing a robe (heavily wounded)
The bolt of fire misses Sigmund.
Evoking this partially-identified wand wasted a few charges.
Sigmund closely misses you.
You closely miss Sigmund.
Sigmund is heavily wounded.
The ogre hits you with a giant club.
* * * LOW HITPOINT WARNING * * *
Sigmund points at you and mumbles some strange words.
You resist with some effort.
You closely miss Sigmund.
Sigmund is heavily wounded.
You scratch Sigmund.
Sigmund begins to bleed from his wounds!
Sigmund is severely wounded.
Sigmund hits you with a scythe of distortion!
You die...

##### ######## ######### ....#
#......####### #.......# ....#
#.......#....###.......### ....#
#.).....#.....##..........
############...#.....##..........
......................###...#....
......................# #.(.#....
......................# #...#....
................@O....# #........
................@)....###........
..)..............................
.................................
.................................
.............................##.#
......................#..........
........................##.##....
.......................##...##...


You could see Sigmund (bleeding) and an ogre.

Vanquished Creatures
  2 crimson imps (D:5)
  A centaur zombie (D:5)
  2 orc wizards (D:4)
  An orc priest (D:4)
  3 worker ants
  An iguana (D:4)
  4 gnolls
  7 adders
  A worm (D:2)
  8 orcs (D:4)
  8 bats
  A bat skeleton (D:4)
  12 hobgoblins
  6 jackals
  A ball python (D:3)
  4 giant cockroaches
  A giant cockroach zombie (D:5)
  3 giant geckos
  2 giant gecko skeletons
  5 giant newts
  10 goblins
  7 kobolds
  A quokka skeleton (D:4)
  12 rats
  A bush (D:3)
104 creatures vanquished.

Notes
Turn   | Place    | Note
--------------------------------------------------------------
     0 | D:1      | frag, the Troll Berserker, began the quest for the Orb.
     0 | D:1      | Reached XP level 1. HP: 22/22 MP: 0/0
   124 | D:1      | Reached XP level 2. HP: 29/29 MP: 1/1
   447 | D:1      | Acquired Trog's second power
   662 | D:1      | Reached XP level 3. HP: 36/36 MP: 2/2
  1788 | D:3      | Reached XP level 4. HP: 39/44 MP: 3/3
  2024 | D:3      | Found a glowing golden altar of the Shining One.
  2399 | D:4      | Reached skill level 4 in Unarmed Combat
  2399 | D:4      | Reached XP level 5. HP: 47/53 MP: 4/4
  2854 | D:4      | Reached XP level 6. HP: 19/61 MP: 5/5
  3268 | D:5      | Entered Level 5 of the Dungeon
  3319 | D:5      | Upgraded the game from 0.17-a0-587-g4707e02 to 0.17-a0-627-g5cb7d3e
  3350 | D:5      | Found a sparkling altar of Nemelex Xobeh.
  3543 | D:5      | Acquired Trog's third power
  3754 | D:5      | Noticed Sigmund
  3812 | D:5      | HP: 1/61 [Sigmund/scythe of distortion (5)]
  3817 | D:5      | Mangled by Sigmund

Action                   |  1- 3 |  4- 6 || total
-------------------------+-------+-------++-------
Melee: Unarmed           |   130 |   186 ||   316
Evoke: Wand              |       |     5 ||     5
  Use: Scroll            |     5 |     8 ||    13
       Potion            |     1 |     5 ||     6
  Eat: Chunk             |    15 |    21 ||    36
